 Dungeon Crawl Stone Soup version 0.21.1-1-g345015f (webtiles) character file.

18 tidbits the Insei (level 2, -1/23 HPs)
             Began as a Gnoll Transmuter on Feb 20, 2018.
             Slain by a centaur (5 damage)
             ... on level 3 of the Dungeon.
             The game lasted 00:01:58 (212 turns).

tidbits the Insei (Gnoll Transmuter)                 Turns: 212, Time: 00:01:58

Health: -1/23      AC:  2    Str: 12    XL:     2   Next: 66%
Magic:  5/7        EV: 14    Int: 15    God:
Gold:   24         SH:  0    Dex: 15    Spells: 7/10 levels left

rFire    . . .     SeeInvis .     - Unarmed
rCold    . . .     Gourm    .   (no shield)
rNeg     . . .     Faith    .   b - +0 robe
rPois    .         Spirit   .   (no helmet)
rElec    .         Reflect  .   (no cloak)
rCorr    .         Harm     .   (no gloves)
MR       .....                  (no boots)
Stlth    ++........             (no amulet)
HPRegen  0.07/turn              (no ring)
MPRegen  0.10/turn              (no ring)

@: no status effects
A: distributed training, fangs 1, strong nose
a: no special abilities


You were on level 3 of the Dungeon.
You were not hungry.

You visited 1 branch of the dungeon, and saw 3 of its levels.

You collected 24 gold pieces.

Inventory:

Hand Weapons
 h - a +0 dagger
Missiles
 a - 35 arrows
Armour
 b - a +0 robe (worn)
Scrolls
 e - 2 scrolls of magic mapping {unknown}
 i - a scroll of identify {unknown}
 j - a scroll of enchant armour {unknown}
Potions
 f - a potion of mutation {unknown}
 g - a potion of heal wounds {unknown}
Books
 c - a book of Changes

   Spells                             Type                      Level
   a - Beastly Appendage              Transmutation                1
   b - Sticks to Snakes               Transmutation                2
   c - Spider Form                    Transmutation/Poison         3
   d - Ice Form                       Ice/Transmutation            4
   e - Blade Hands                    Transmutation                5
Comestibles
 d - 3 rations


   Skills:
 + Level 2.5 Fighting
 + Level 0.5 Short Blades
 + Level 0.5 Long Blades
 + Level 0.5 Axes
 + Level 0.5 Maces & Flails
 + Level 0.5 Polearms
 + Level 0.5 Staves
 + Level 0.5 Slings
 + Level 0.5 Bows
 + Level 0.5 Crossbows
 + Level 0.5 Throwing
 + Level 0.5 Armour
 + Level 4.5 Dodging
 + Level 0.5 Stealth
 + Level 0.5 Shields
 + Level 6.5 Unarmed Combat
 + Level 4.9 Spellcasting
 + Level 0.3 Conjurations
 + Level 0.3 Hexes
 + Level 0.3 Charms
 + Level 0.3 Summonings
 + Level 0.3 Necromancy
 + Level 0.3 Translocations
 + Level 3.7 Transmutations
 + Level 0.3 Fire Magic
 + Level 0.3 Ice Magic
 + Level 0.3 Air Magic
 + Level 0.3 Earth Magic
 + Level 0.3 Poison Magic
 + Level 0.6 Invocations
 + Level 0.5 Evocations


You had 7 spell levels left.
You knew the following spells:

 Your Spells              Type           Power        Failure   Level  Hunger
e - Beastly Appendage     Tmut           ##....       3%          1    None
k - Sticks to Snakes      Tmut           ##......     5%          2    ##.....


Dungeon Overview and Level Annotations

Branches:
Dungeon (3/15)

Altars:


Innate Abilities, Weirdness & Mutations

Your experience applies equally to all skills.
You have very sharp teeth.
Your uncanny sense of smell can sniff out nearby items.


Message History

Your ball python constricts the dart slug.
The dart slug bites your ball python.
Your ball python bites the dart slug.
Your ball python constricts the dart slug.
Things that are here:
a club; a hobgoblin corpse The dart slug launches a dart at your ball python.
The slug dart hits your ball python.
Your ball python dies!
Your adder bites the dart slug.
The dart slug is poisoned.
Your adder poisons the dart slug!
The dart slug dies!
You see here a scroll labeled BEPLOSAAGH.
e - 2 scrolls labeled BEPLOSAAGH (gained 1)
You see here a dart slug corpse.
You see here a fuming dark potion.
g - a fuming dark potion You see here 11 gold pieces.
You now have 24 gold pieces (gained 11).
Your adder withers and dies!
There is a stone staircase leading up here.
You climb upwards.
There is a stone staircase leading down here.
Unknown command.
You climb downwards.
There is a stone staircase leading up here.
Unknown command.
There is a stone staircase leading down here.
You climb downwards.
A bat comes into view.
There is a stone staircase leading up here.
The bat hits you.
* * * LOW HITPOINT WARNING * * *
The bat hits you.
* * * LOW HITPOINT WARNING * * *
You hit the bat.
The bat is severely wounded.
The bat closely misses you. The bat misses you.
You hit the bat.
You kill the bat!
Found a dagger.
You see here a dagger.
h - a dagger
Found a ration.
You see here a ration.
d - 3 rations (gained 1)
Found a scroll labeled CIGHIUJESO.
You see here a scroll labeled CIGHIUJESO.
i - a scroll labeled CIGHIUJESO
Found 26 stones.
A kobold comes into view. It is wielding a whip.
Found 15 gold pieces.
A dart slug comes into view.
Found a scroll labeled LEVVIESAFF.
Casting: Sticks to Snakes
Confirm with . or Enter, or press ? or * to list all spells.
You don't know that spell.
Casting: Sticks to Snakes
Confirm with . or Enter, or press ? or * to list all spells.
You grow a pair of large bovine horns.
You punch the dart slug!
You kill the dart slug!
Found a stone staircase leading down.
You see here a scroll labeled LEVVIESAFF.
j - a scroll labeled LEVVIESAFF Your transformation is almost over.
Found a mace.
A centaur comes into view.
The centaur shouts!
The centaur closely misses you.
Casting: Beastly Appendage
Confirm with . or Enter, or press ? or * to list all spells.
You create a snake!
You now have 35 arrows.
The centaur misses you. The centaur closely misses you.
You hit the centaur. You bite the centaur, but do no damage.
The centaur is moderately wounded.
The centaur hits you!
* * * LOW HITPOINT WARNING * * *
You hit the centaur. Your punch misses the centaur.
The centaur is moderately wounded.
The centaur misses you.
You hit the centaur but do no damage.
The centaur is moderately wounded.
The centaur completely misses you.
Your ball python bites the centaur but does no damage.
The centaur closely misses you.
You barely miss the centaur.
The centaur is moderately wounded.
Your horns disappear.
The centaur barely misses you.
Your ball python bites the centaur but does no damage.
You barely miss the centaur. Your bite misses the centaur.
The centaur is moderately wounded.
The centaur completely misses you.
Your ball python bites the centaur but does no damage.
You hit the centaur but do no damage.
The centaur is moderately wounded.
The centaur closely misses you.
Your ball python barely misses the centaur.
The centaur hits you.
You die...

.#.#.#.#.#...........
#.#.#.#.#.#.#......##
.#.#.#.#.#.#......##
#.#.#.#.#.#.#.....#
.#.#.#.#.#.#......# ####
#.#.#.#.#.#.##....# .....
.#.#.#.#.#.# #....#......
#.#.....#.#. #...........
.#.#...#.... ##S@...####.
#.#.....# #..c>.......
#.##...## #............
#.##...######....)......#
#.#.....................#
#.#.########.......######
..#...<# ........#
######## ##########


You could see a centaur and a friendly ball python.

Vanquished Creatures
  A dart slug (D:3)
  A leopard gecko (D:2)
  A giant cockroach (D:1)
  A goblin (D:2)
  3 hobgoblins
  A kobold (D:2)
  A bat (D:3)
  2 frilled lizards
  2 rats (D:1)
13 creatures vanquished.

Vanquished Creatures (collateral kills)
  A dart slug (D:2)
1 creature vanquished.

Grand Total: 14 creatures vanquished

Notes
Turn   | Place    | Note
-------+----------+-------------------------------------------
     0 | D:1      | tidbits the Gnoll Transmuter began the quest for the Orb.
     0 | D:1      | Reached XP level 1. HP: 17/17 MP: 6/6
    88 | D:2      | Reached XP level 2. HP: 19/23 MP: 5/7
    94 | D:1      | Learned a level 2 spell: Sticks to Snakes
   202 | D:3      | Noticed a centaur
   212 | D:3      | Slain by a centaur

Action                   || total
-------------------------++-------
Melee: Unarmed           ||    33
       Bite              ||     4
       Kick              ||     2
       Headbutt          ||     1
       Punch             ||     1
 Cast: Beastly Appendage ||     3
       Sticks to Snakes  ||     3
Armor: Robe              ||     4
Dodge: Dodged            ||    40

Table legend:
 A = Turns spent in this place as a percentage of turns spent in the entire game.
 B = Non-inter-level travel turns spent in this place as a percentage of non-inter-level travel turns spent in the entire game.
 C = Inter-level travel turns spent in this place as a percentage of turns spent in this place.
 D = Turns resting spent in this place as a percentage of non-inter-level travel turns spent in this place.
 E = Turns spent auto-exploring this place as a percentage of non-inter-level travel turns spent in this place.
 F = Non-inter-level travel turns spent in this place divided by the number of levels of this place that you've seen.
                   A       B       C       D       E      F
               +-------+-------+-------+-------+-------+----------------------
         Total | 100.0 | 100.0 |   0.0 |   0.0 |   0.0 |  70.7
       Dungeon | 100.0 | 100.0 |   0.0 |   0.0 |   0.0 |  70.7
               +-------+-------+-------+-------+-------+----------------------

Table legend:
 A = Kills in this place as a percentage of kills in entire the game.
 B = Kills by you in this place as a percentage of kills by you in the entire game.
 C = Kills by friends in this place as a percentage of kills by friends in the entire game.
 D = Other kills in this place as a percentage of other kills in the entire game.
 E = Experience gained in this place as a percentage of experience gained in the entire game.
 F = Experience gained in this place divided by the number of levels of this place that you have seen.
                   A       B       C       D       E      F
               +-------+-------+-------+-------+-------+----------------------
         Total | 100.0 | 100.0 | 100.0 |   N/A | 100.0 |   8.7
       Dungeon | 100.0 | 100.0 | 100.0 |   N/A | 100.0 |   8.7
               +-------+-------+-------+-------+-------+----------------------

Vault maps used:
D:1:      eino_arrival_druids_welcome, kennysheep_minor_cross,
          corexii_hall_statues_deadend
D:2:      cheibrodos_old_hovel, minmay_misc_feat_room, minmay_tetromino_t4,
          uniq_crazy_yiuf_cottage
D:3:      first_ration
